 Dungeon Crawl Stone Soup version 0.27-a0-124-g19cb506db8 (webtiles) character file.

Game seed: 9853622020737835148

85 knot the Chopper (level 4, 49/52 HPs)
             Began as a Demonspawn Berserker on Jan 26, 2021.
             Was a Follower of Trog.
             Quit the game on level 2 of the Dungeon.
             The game lasted 00:02:59 (2445 turns).

knot the Chopper (Demonspawn Berserker)             Turns: 2445, Time: 00:02:59

Health: 49/52      AC:  6    Str: 18    XL:     4   Next: 25%
Magic:  4/4        EV: 11    Int:  9    God:    Trog [*.....]
Gold:   106        SH:  0    Dex: 12    Spells: 3/3 levels left

rFire    . . .     SeeInvis .   a - +0 hand axe
rCold    . . .     Faith    .   (no shield)
rNeg     + . .     Spirit   .   u - +0 ring mail (curse)
rPois    .         Reflect  .   (helmet restricted)
rElec    .         Harm     .   r - +0 cloak
rCorr    .         Rampage  .   (no gloves)
Will     .....                  (no boots)
Stlth    ..........             n - amulet of magic regeneration
HPRegen  0.17/turn              m - ring of positive energy
MPRegen  0.34/turn              (no ring)

@: berserking, very quick
A: antennae 2, powered by pain 1
a: Renounce Religion, Berserk


You were on level 2 of the Dungeon.
You worshipped Trog.
Trog was aware of your devotion.
You visited 1 branch of the dungeon, and saw 2 of its levels.

You collected 106 gold pieces.

Inventory:

Hand Weapons
 a - a +0 hand axe (weapon)
Missiles
 t - 11 poisoned darts (quivered)
Armour
 r - a +0 cloak (worn)
 u - a cursed +0 ring mail (worn)
Magical Staves
 k - an uncursed staff of death {unknown}
Jewellery
 m - a ring of positive energy (left hand)
 n - an amulet of magic regeneration (around neck)
Scrolls
 c - a scroll of amnesia {unknown}
 d - a scroll of immolation {unknown}
 e - 2 scrolls of remove curse {unknown}
 g - 3 scrolls of identify {unknown}
 h - a scroll of magic mapping {unknown}
 i - 2 scrolls of fog {unknown}
 l - 4 scrolls of enchant weapon {unknown}
 q - a scroll of blinking {unknown}
 s - a scroll of fear {unknown}
 v - a scroll of random uselessness {unknown}
Potions
 b - a potion of attraction {unknown}
 f - a potion of lignification {unknown}
 j - a potion of cancellation {unknown}
 o - 2 potions of resistance {unknown}
 p - a potion of curing {unknown}


   Skills:
 - Level 3.0 Fighting
 * Level 4.4 Axes
 * Level 1.1 Throwing
 - Level 1.7 Armour
 - Level 1.7 Dodging


You had 3 spell levels left.
You didn't know any spells.
Your spell library was empty.

Dungeon Overview and Level Annotations

Branches:
Dungeon (2/15)

Altars:


Innate Abilities, Weirdness & Mutations

You have a pair of antennae on your head.
You sometimes gain a little power by taking damage.


Message History

Terence misses you.
You closely miss Terence.
Terence is severely wounded.
Terence hits you with a +0 hand axe.
You barely miss Terence.
Terence is severely wounded.
You barely miss Terence.
Terence is severely wounded.
Terence misses you.
You hit Terence but do no damage.
Terence is severely wounded.
Terence looks more healthy.
Terence barely misses you.
You slash Terence!
You kill Terence!
Trog accepts your kill.
Your Throwing skill increases to level 1!
You have reached level 4!
You feel stronger.
Your demonic ancestry asserts itself...
You feel energised by your suffering.
Are you sure you want to abandon this character and quit the game? (Confirm with "yes".)

.######[#####.........
#
.....##.###...#######.
.( ####.##.##..#.# ..(
#.......##.# .... #
####..####.# .(... #
##...)..##.# ####......
# #..#.##.##.#
##..(...# #
##.##.##†##.###.(..####
# #..##.##..#..#@).###
###................#
##...##.####..^....<..
#..####.##...#.########
...####.##.###.#
........## #.#
........# # .........
.........


There were no monsters in sight!

Vanquished Creatures
  Terence (D:2)
  An adder (D:2)
  A gnoll (D:1)
  An ooze (D:2)
  2 dart slugs (D:1)
  2 leopard geckos
  2 goblins
  5 hobgoblins
  5 jackals
  A ball python (D:2)
  3 bats (D:1)
  3 frilled lizards
  A kobold (D:1)
  6 rats
34 creatures vanquished.

Notes
Turn   | Place    | Note
-------+----------+-------------------------------------------
     0 | D:1      | knot the Demonspawn Berserker began the quest for the Orb.
     0 | D:1      | Reached XP level 1. HP: 18/18 MP: 1/1
   141 | D:1      | You fall into a shaft and drop 1 floor!
   433 | D:2      | Reached skill level 3 in Axes
   433 | D:2      | Gained mutation: You have a pair of small antennae on your
                  | head. [demonic ancestry]
   433 | D:2      | Reached XP level 2. HP: 16/24 MP: 2/2
  1123 | D:2      | Gained mutation: You have a pair of antennae on your head.
                  | [demonic ancestry]
  1123 | D:2      | Reached XP level 3. HP: 16/29 MP: 3/3
  1664 | D:1      | Reached skill level 4 in Axes
  2427 | D:2      | Noticed Terence
  2444 | D:2      | Killed Terence
  2445 | D:2      | Reached skill level 1 in Throwing
  2445 | D:2      | Gained mutation: You sometimes gain a little power by
                  | taking damage. [demonic ancestry]
  2445 | D:2      | Reached XP level 4. HP: 35/35 MP: 4/4
  2445 | D:2      | Quit the game

Illustrated notes

Levels and vault maps discovered:
D:1:      dpeg_arrival_arbitrary_b, layout_loops_corners, minmay_misc_feat_cross
D:2:      layout_rooms, minmay_bisected, uniq_terence

Skill      XL: |  1  2  3 |
---------------+----------+-----
Axes           | 3 4 |  4.4
Throwing       | 1 |  1.1
Fighting       | |  3.0
Armour         | |  1.7
Dodging        | |  1.7

Action                   |  1- 3 |  4- 6 || total
-------------------------+-------+-------++-------
Melee: Hand axe          |   107 |       ||   107
Throw: Dart              |    11 |       ||    11
Invok: Berserk           |     6 |       ||     6
Armor: Animal skin       |    15 |       ||    15
       Ring mail         |     2 |       ||     2
Dodge: Dodged            |    73 |       ||    73

Table legend: (Time is in decaauts)
 A = Elapsed time spent in this place.
 B = Non-inter-level travel time spent in this place.
 C = Inter-level travel time spent in this place.
 D = Time resting spent in this place.
 E = Time spent auto-exploring this place.
 F = Levels seen in this place.
 G = Mean time per level.
                   A        B        C        D        E       F      G
               +--------+--------+--------+--------+--------+-----+--------+
         Total |   2498 |   2442 |     56 |   1075 |   1022 |   2 | 1249.0 |
       Dungeon |   2498 |   2442 |     56 |   1075 |   1022 |   2 | 1249.0 |
               +--------+--------+--------+--------+--------+-----+--------+

Top non-repeatable levels by time:
     D:2: 1319 daAuts
     D:1: 1178 daAuts
